 Dungeon Crawl Stone Soup version 0.21.1-1-g345015fe64 (webtiles) character file.

14 Naru the Caller (level 2, -9/15 HPs)
             Began as a Tengu Summoner on June 12, 2018.
             Killed by divine providence
             ... invoked by an orc priest
              (14 damage)
             ... on level 2 of the Dungeon.
             The game lasted 00:04:55 (1556 turns).

Naru the Caller (Tengu Summoner)                    Turns: 1556, Time: 00:04:55

Health: -9/15      AC:  6    Str:  8    XL:     2   Next: 41%
Magic:  6/6        EV: 10    Int: 15    God:
Gold:   6          SH:  0    Dex: 14    Spells: 4/5 levels left

rFire    + . .     SeeInvis .   g - +2 short sword (venom)
rCold    . . .     Gourm    .   (no shield)
rNeg     . . .     Faith    .   n - +0 ring mail
rPois    .         Spirit   .   (helmet restricted)
rElec    .         Reflect  .   (no cloak)
rCorr    .         Harm     .   l - +0 pair of gloves
MR       .....                  (boots unavailable)
Stlth    +.........             (no amulet)
HPRegen  0.05/turn              k - ring of protection from fire
MPRegen  0.10/turn              (no ring)

@: no status effects
A: beak, talons 3
a: no special abilities


You were on level 2 of the Dungeon.
You were not hungry.

You visited 1 branch of the dungeon, and saw 2 of its levels.

You collected 6 gold pieces.

Inventory:

Hand Weapons
 g - a +2 short sword of venom (weapon)
Missiles
 d - 8 javelins (quivered)
 m - 37 stones
Armour
 a - a +0 robe
 l - a +0 pair of gloves (worn)
 n - a +0 ring mail (worn)
Jewellery
 k - a ring of protection from fire (left hand)
Scrolls
 e - 2 scrolls of remove curse {unknown}
 i - a scroll of enchant armour {unknown}
 j - a scroll of immolation {unknown}
 o - a scroll of magic mapping {unknown}
Potions
 f - a potion of heal wounds {unknown}
 h - a potion of curing {unknown}
Books
 b - a book of Callings

   Spells                             Type                      Level
   a - Summon Small Mammal            Summoning                    1
   b - Call Imp                       Summoning                    2
   c - Call Canine Familiar           Summoning                    3
   d - Summon Guardian Golem          Hexes/Summoning              3
   e - Summon Lightning Spire         Summoning/Air                4
   f - Summon Ice Beast               Ice/Summoning                4
Comestibles
 c - 2 rations


   Skills:
 * Level 0.2 Fighting
 - Level 2.1 Dodging
 - Level 2.0 Stealth
 * Level 2.2 Spellcasting
 * Level 5.3 Summonings


You had 4 spell levels left.
You knew the following spells:

 Your Spells              Type           Power        Failure   Level  Hunger
a - Summon Small Mammal   Summ           ###.         8%          1    #......


Dungeon Overview and Level Annotations

Branches:
Dungeon (2/15)

Altars:


Innate Abilities, Weirdness & Mutations

You have a beak for a mouth.
You have claws for feet.


Message History

The goblin shouts!
You hear a shout!
You hit the goblin.
You kill the goblin!
An orc priest comes into view.
A bat comes into view.
The orc priest calls down the wrath of Beogh upon you.
Beogh smites you!
You hear a shout!
You are too injured to fight recklessly!
You are too injured to fight recklessly!
You are too injured to fight recklessly!
The orc priest barely misses your rat. The bat misses you.
Your rat barely misses the orc priest.
Your rat disappears in a puff of smoke!
The bat barely misses you. The bat hits you but does no damage.
The orc priest calls down the wrath of Beogh upon you.
Beogh smites you!
Ouch! That really hurt!
You die...

#.#.########.#<... #.
#.#.# #.####. #. #.#.#
####....#' #.
#.#.#####.........
#####.##.#...............
.........................
###.....†...............
#.....#######....<....
#..%.@+ #.........
#...)b# #####.....
#.....# #.#+#. #.(.!o#
#.# #. #.....# # ##
#.....# #...... #......
#.......


You could see an orc priest and a bat.

Vanquished Creatures
  A giant cockroach (D:1)
  A goblin (D:2)
  A hobgoblin (D:1)
  A kobold (D:1)
  A bat (D:1)
  A rat (D:2)
6 creatures vanquished.

Vanquished Creatures (collateral kills)
  A dart slug (D:2)
  4 goblins
  A hobgoblin (D:1)
  A quokka (D:2)
  A bat (D:1)
8 creatures vanquished.

Grand Total: 14 creatures vanquished

Notes
Turn   | Place    | Note
-------+----------+-------------------------------------------
     0 | D:1      | Naru the Tengu Summoner began the quest for the Orb.
     0 | D:1      | Reached XP level 1. HP: 10/10 MP: 4/4
   573 | D:1      | Reached skill level 5 in Summonings
  1039 | D:1      | Reached XP level 2. HP: 7/15 MP: 3/6
  1556 | D:2      | Killed from afar by an orc priest

Skill      XL: |  1 |
---------------+----+-----
Summonings     | 5 |  5.3
Fighting       | |  0.2
Dodging        | |  2.1
Stealth        | |  2.0
Spellcasting   | |  2.2

Action                   || total
-------------------------++-------
Melee: Short sword       ||    12
       Kick              ||     3
       Peck              ||     3
       Club              ||     1
 Cast: Summon Small Mamm ||    19
 Stab: Sleeping          ||     1
  Eat: Ration            ||     1
Armor: Robe              ||     1
       Ring mail         ||     4
Dodge: Dodged            ||    15
